 Dungeon Crawl Stone Soup version 0.24.0-35-gdb84b6a5db (webtiles) character file.

Game seed: 3928886571120479881, levelgen mode: deterministic

586 Iamsoldier the Charmwright (level 7, -1/56 HPs)
             Began as a Gnoll Skald on Nov 20, 2019.
             Slain by Sigmund
             ... wielding a +4 scythe of flaming
              (12 damage)
             ... on level 3 of the Dungeon.
             The game lasted 00:07:53 (3199 turns).

Iamsoldier the Charmwright (Gnoll Skald)            Turns: 3199, Time: 00:07:53

Health: -1/56      AC:  3    Str: 14    XL:     7   Next: 37%
Magic:  11/15      EV: 14    Int: 17    God:
Gold:   47         SH:  0    Dex: 14    Spells: 8/17 levels left

rFire    + . .     SeeInvis .   a - +0 spear
rCold    x . .     Gourm    .   (no shield)
rNeg     . . .     Faith    .   b - +0 leather armour
rPois    .         Spirit   .   (no helmet)
rElec    .         Reflect  .   (no cloak)
rCorr    .         Harm     .   (no gloves)
MR       .....                  (no boots)
Stlth    +.........             (no amulet)
HPRegen  0.18/turn              h - ring of fire
MPRegen  0.14/turn              (no ring)

@: confused
A: distributed training, fangs 1, strong nose
a: no special abilities


You were on level 3 of the Dungeon.
You were very hungry.

You visited 1 branch of the dungeon, and saw 3 of its levels.

You collected 47 gold pieces.

Inventory:

Hand Weapons
 a - a +0 spear (weapon)
Armour
 b - a +0 leather armour (worn)
Jewellery
 h - a ring of fire (left hand)
Scrolls
 c - a scroll of identify {unknown}
 k - a scroll of teleportation
 l - a scroll of enchant weapon {unknown}
Potions
 e - a potion of might {unknown}
 f - a potion of curing {unknown}
 i - 2 potions of flight {unknown}
Comestibles
 d - 2 rations


   Skills:
 + Level 5.2 Fighting
 + Level 2.4 Short Blades
 + Level 2.4 Long Blades
 + Level 2.4 Axes
 + Level 2.4 Maces & Flails
 + Level 5.2 Polearms
 + Level 2.4 Staves
 + Level 2.4 Slings
 + Level 2.4 Bows
 + Level 2.4 Crossbows
 + Level 2.4 Throwing
 + Level 3.5 Armour
 + Level 5.2 Dodging
 + Level 2.4 Stealth
 + Level 2.4 Shields
 + Level 2.4 Unarmed Combat
 + Level 5.6 Spellcasting
 + Level 2.0 Conjurations
 + Level 2.0 Hexes
 + Level 5.8 Charms
 + Level 2.0 Summonings
 + Level 2.0 Necromancy
 + Level 2.0 Translocations
 + Level 2.0 Transmutations
 + Level 2.0 Fire Magic
 + Level 2.0 Ice Magic
 + Level 2.0 Air Magic
 + Level 2.0 Earth Magic
 + Level 2.0 Poison Magic
 + Level 2.6 Invocations
 + Level 2.4 Evocations


You had 8 spell levels left.
You knew the following spells:

 Your Spells              Type           Power        Failure   Level  Hunger
a - Infusion              Chrm           ###.         1%          1    None
b - Shroud of Golubria    Chrm/Tloc      ###...       4%          2    #......
c - Spectral Weapon       Hex/Chrm       ###.....     10%         3    ##.....
d - Regeneration          Chrm/Necr      ###.......   10%         3    ##.....

Your spell library contained the following spells:

 Spells                   Type           Power        Failure   Level  Hunger
 Song of Slaying          Chrm           ###.....     2%          2    #......


Dungeon Overview and Level Annotations

Branches:
Dungeon (3/15)

Altars:
Fedhas
Qazlal
Trog
Wu Jian
Xom

Annotations:
D:3 Sigmund


Innate Abilities, Weirdness & Mutations

Your experience applies equally to all skills.
You have very sharp teeth.
Your uncanny sense of smell can sniff out nearby items.


Message History

You closely miss something. Something hits you!
You hit something.
Your spectral weapon fades away.
You miss something. Something hits you!
You miss something. You bite something.
You hear some strange, mumbled words.
You are confused.
You hear some strange, mumbled words.
Something tries to affect you, but you resist.
Something hits you! Something burns you.
You see here an atropa-tipped dart.
You see here an atropa-tipped dart.
Something hits you!
* * * LOW HITPOINT WARNING * * *
Something burns you.
* * * LOW HITPOINT WARNING * * *
You see here an atropa-tipped dart.
You are feeling very hungry.
Something hits you!
You die...

.###.# #..#.# #.# ####'####
#..#.# #.# #.^...^.# #..#.# ##'##
###._.### #<..(# ##...##
#.^...^.# ##.### ##.....##
####'#### #.#.## ##.......##
.....#########.{..####.........##
.)..............((...+.........'.
........######.(@.####.........##
.#..#(#.# #.#.## ##.......##
....#.#.# #.### ##.....##
.####.#.# #.# ##...## .##.[.#.#
#.# ##+## .##.###.# #..
######.#### ........# ###
#.........# ###.##### #.#.##..#.#
.##.# #.#.#...#.#


There were no monsters in sight!

Vanquished Creatures
  An ogre (D:2)
  4 crimson imps (D:3)
  Crazy Yiuf (D:3)
  4 orc priests (D:3)
  Terence (D:3)
  2 orc wizards (D:3)
  6 adders
  2 oozes
  2 worms
  2 dart slugs (D:1)
  12 orcs (D:3)
  7 bats
  A giant cockroach (D:3)
  2 goblins (D:1)
  6 hobgoblins
  4 jackals (D:1)
  6 kobolds
  5 frilled lizards
  3 rats
71 creatures vanquished.

Vanquished Creatures (others)
  3 spectral weapons
3 creatures vanquished.

Grand Total: 74 creatures vanquished

Notes
Turn   | Place    | Note
-------+----------+-------------------------------------------
     0 | D:1      | Iamsoldier the Gnoll Skald began the quest for the Orb.
     0 | D:1      | Reached XP level 1. HP: 20/20 MP: 6/6
   120 | D:1      | Reached XP level 2. HP: 26/26 MP: 4/7
   295 | D:1      | Reached XP level 3. HP: 30/31 MP: 3/9
   340 | D:1      | Reached skill level 5 in Spellcasting
   730 | D:2      | Found an ornate altar of the Wu Jian Council.
   780 | D:2      | Reached skill level 1 in Invocations
   784 | D:2      | Learned a level 2 spell: Shroud of Golubria
   788 | D:2      | Learned a level 3 spell: Spectral Weapon
   792 | D:2      | Learned a level 3 spell: Regeneration
   901 | D:2      | Reached skill level 1 in Short Blades
   901 | D:2      | Reached skill level 1 in Long Blades
   901 | D:2      | Reached skill level 1 in Axes
   901 | D:2      | Reached skill level 1 in Maces & Flails
   901 | D:2      | Reached skill level 1 in Staves
   901 | D:2      | Reached skill level 1 in Slings
   901 | D:2      | Reached skill level 1 in Bows
   901 | D:2      | Reached skill level 1 in Crossbows
   901 | D:2      | Reached skill level 1 in Throwing
   901 | D:2      | Reached skill level 1 in Stealth
   901 | D:2      | Reached skill level 1 in Shields
   901 | D:2      | Reached skill level 1 in Unarmed Combat
   901 | D:2      | Reached skill level 1 in Evocations
   923 | D:2      | Reached XP level 4. HP: 38/38 MP: 6/11
   959 | D:2      | Noticed an ogre
   969 | D:2      | Killed an ogre
   969 | D:2      | Reached skill level 1 in Conjurations
   969 | D:2      | Reached skill level 1 in Hexes
   969 | D:2      | Reached skill level 1 in Summonings
   969 | D:2      | Reached skill level 1 in Necromancy
   969 | D:2      | Reached skill level 1 in Translocations
   969 | D:2      | Reached skill level 1 in Transmutations
   969 | D:2      | Reached skill level 1 in Fire Magic
   969 | D:2      | Reached skill level 1 in Ice Magic
   969 | D:2      | Reached skill level 1 in Air Magic
   969 | D:2      | Reached skill level 1 in Earth Magic
   969 | D:2      | Reached skill level 1 in Poison Magic
   969 | D:2      | Reached XP level 5. HP: 23/43 MP: 1/12
  1349 | D:2      | Found a blossoming altar of Fedhas.
  1814 | D:3      | Noticed Terence
  1831 | D:3      | Killed Terence
  1893 | D:3      | Reached XP level 6. HP: 50/50 MP: 8/13
  1915 | D:3      | Noticed Sigmund
  2243 | D:3      | Reached skill level 5 in Fighting
  2243 | D:3      | Reached skill level 5 in Polearms
  2243 | D:3      | Reached skill level 5 in Dodging
  2460 | D:3      | Found a bloodstained altar of Trog.
  2813 | D:3      | Found a shimmering altar of Xom.
  2852 | D:3      | Reached XP level 7. HP: 56/56 MP: 6/15
  2947 | D:3      | Found a stormy altar of Qazlal.
  2950 | D:3      | Noticed an air elemental
  2951 | D:3      | Noticed a water elemental
  2951 | D:3      | Noticed a fire elemental
  3011 | D:3      | Found a runed translucent door.
  3012 | D:3      | Noticed Crazy Yiuf
  3027 | D:3      | Killed Crazy Yiuf
  3199 | D:3      | Slain by Sigmund

Levels and vault maps discovered:
D:1:      evilmike_arrival_run_for_it, layout_loops_ring, minmay_pentomino_o4
D:2:      layout_loops_corners, nicolae_overflow_hidden_temple,
          lemuel_crystal_altar
D:3:      layout_loops_corners, lemuel_round_altar,
          nicolae_qazlal_style_of_elements, led_xom_imps,
          uniq_crazy_yiuf_cottage, uniq_sigmund, uniq_terence

Skill      XL: |  1  2  3  4  5  6  7 |
---------------+----------------------+-----
Spellcasting   | 5 |  5.6
Invocations    | 1 2 |  2.6
Short Blades   | 1 2 |  2.4
Long Blades    | 1 2 |  2.4
Axes           | 1 2 |  2.4
Maces & Flails | 1 2 |  2.4
Staves         | 1 2 |  2.4
Slings         | 1 2 |  2.4
Bows           | 1 2 |  2.4
Crossbows      | 1 2 |  2.4
Throwing       | 1 2 |  2.4
Stealth        | 1 2 |  2.4
Shields        | 1 2 |  2.4
Unarmed Combat | 1 2 |  2.4
Evocations     | 1 2 |  2.4
Conjurations   | 1 2 |  2.0
Hexes          | 1 2 |  2.0
Summonings     | 1 2 |  2.0
Necromancy     | 1 2 |  2.0
Translocations | 1 2 |  2.0
Transmutations | 1 2 |  2.0
Fire Magic     | 1 2 |  2.0
Ice Magic      | 1 2 |  2.0
Air Magic      | 1 2 |  2.0
Earth Magic    | 1 2 |  2.0
Poison Magic   | 1 2 |  2.0
Armour         | 3 |  3.5
Fighting       | 5 |  5.2
Polearms       | 5 |  5.2
Dodging        | 5 |  5.2
Charms         | |  5.8

Action                   |  1- 3 |  4- 6 |  7- 9 || total
-------------------------+-------+-------+-------++-------
Melee: Spear             |    81 |   210 |    42 ||   333
       Bite              |     6 |    29 |     6 ||    41
       Punch             |       |     2 |       ||     2
Throw: Dart              |       |       |     3 ||     3
 Cast: Infusion          |     7 |     1 |       ||     8
       Spectral Weapon   |     1 |    14 |     2 ||    17
       Shroud of Golubri |       |     4 |     2 ||     6
       Regeneration      |       |     2 |     1 ||     3
  Use: Scroll            |       |     2 |       ||     2
       Potion            |       |     1 |       ||     1
 Stab: Sleeping          |     2 |     3 |     1 ||     6
  Eat: Chunk             |       |     7 |     1 ||     8
Armor: Leather armour    |     4 |    33 |       ||    37
Dodge: Dodged            |    55 |   122 |    15 ||   192
